 Dungeon Crawl Stone Soup version 0.24.0-125-gc4c63601f3 (webtiles) character file.

Game seed: 2670521755438495512, levelgen mode: deterministic

49 Descartes the Grasshopper (level 3, -7/16 HPs)
             Began as a Felid Warper on Feb 25, 2020.
             Mangled by an ogre
             ... wielding a +0 giant club
              (15 damage)
             ... on level 3 of the Dungeon.
             The game lasted 00:03:07 (2051 turns).

Descartes the Grasshopper (Felid Warper)            Turns: 2051, Time: 00:03:08

Health: -7/16      AC:  1    Str:  8    XL:     3   Next: 51%
Magic:  5/7        EV: 19    Int: 14    God:
Gold:   63         SH:  0    Dex: 15    Spells: 2/6 levels left
                                        Lives:  0   Deaths: 0

rFire    . . .     SeeInvis +     - Unarmed
rCold    . . .     Gourm    .   (shield unavailable)
rNeg     . . .     Faith    .   (armour unavailable)
rPois    .         Spirit   .   (helmet unavailable)
rElec    .         Reflect  .   (cloak unavailable)
rCorr    .         Harm     .   (gloves unavailable)
MR       .....                  (boots unavailable)
Stlth    ++........             (no amulet)
HPRegen  0.05/turn              (no ring)
MPRegen  0.10/turn              (no ring)

@: quick
A: very small, no armour, no weapons or thrown items, stealth, claws 1, fangs 3,
see invisible, carnivore, speed 1, shaggy fur 1, slow metabolism 1, sharp paws
a: no special abilities


You were on level 3 of the Dungeon.
You were very full.

You visited 1 branch of the dungeon, and saw 3 of its levels.

You collected 63 gold pieces.

Inventory:

Missiles
 d - 42 stones
 f - 24 arrows
Jewellery
 n - an uncursed ring of resist corrosion {unknown}
Scrolls
 a - a scroll of immolation {unknown}
 b - a scroll of blinking
 e - 2 scrolls of magic mapping {unknown}
 g - 2 scrolls of identify {unknown}
 o - 2 scrolls of noise {unknown}
Potions
 h - 4 potions of brilliance {unknown}
 i - a potion of berserk rage {unknown}
 j - 2 potions of curing {unknown}
 k - a potion of lignification {unknown}
 l - a potion of degeneration {unknown}
 m - 2 potions of heal wounds {unknown}
Comestibles
 c - 6 rations
 p - 2 chunks of flesh


   Skills:
 + Level 2.3 Fighting
 + Level 3.7 Dodging
 + Level 1.4 Stealth
 * Level 2.7 Unarmed Combat
 + Level 2.3 Spellcasting
 + Level 0.2 Charms
 + Level 4.4 Translocations


You had 2 spell levels left.
You knew the following spells:

 Your Spells              Type           Power        Failure   Level  Hunger
a - Blink                 Tloc           N/A          6%          2    ###....
b - Shroud of Golubria    Chrm/Tloc      #.....       14%         2    ###....

Your spell library contained the following spells:

 Spells                   Type           Power        Failure   Level  Hunger
 Gell's Gravitas          Tloc           ##........   12%         3    ###....
 Lesser Beckoning         Tloc           ##........   12%         3    ###....
 Teleport Other           Tloc           ##......     12%         3    ###....
 Passage of Golubria      Tloc           N/A          36%         4    #####..


Dungeon Overview and Level Annotations

Branches:
Dungeon (3/15)

Altars:
Ashenzari
Kikubaaqudgha

Annotations:
D:2 1 runed translucent door, Crazy Yiuf


Innate Abilities, Weirdness & Mutations

You cannot wear armour.
You are incapable of wielding weapons or throwing items.
Your paws allow you to move quietly. (Stealth)
You have sharp claws.
You have razor-sharp teeth.
You have supernaturally acute eyesight. (SInv)
You are carnivorous and can eat meat at any time.
You cover ground quickly.
You are covered in fur. (AC +1)
You have a slow metabolism.
Your sharp claws are effective at attacking unaware monsters.


Message History

You barely miss the ogre. The ogre hits you with a +0 giant club.
Cast which spell? (? or * to list) Space distorts slightly along a thin shroud covering your body.
The ogre barely misses you.
You scratch the ogre. You bite the ogre.
The ogre is moderately wounded.
The ogre closely misses you.
You scratch the ogre. You bite the ogre, but do no damage.
The ogre is moderately wounded.
The ogre barely misses you.
You claw the ogre! Your bite misses the ogre.
The ogre is severely wounded.
You scratch the ogre but do no damage.
The ogre is severely wounded.
The ogre completely misses you.
You scratch the ogre but do no damage.
The ogre is severely wounded.
The ogre hits you with a +0 giant club!
Ouch! That really hurt!
You die...

># ## #.# # ### .... #.
..# ##.# .. #.# #..###
### ###.#####.# #.#...#
##.## #.../..##.##.#
#..#####.... #...O@.##
##..........
#...!...##.###.######...#
###########.#.## ##.##
##.## ### #.# ..# ....
.#.#. #.#. .#


You could see an ogre.

Vanquished Creatures
  A shadow imp (D:2)
  3 dart slugs
  2 leopard geckos
  A bat zombie (D:2)
  A giant cockroach (D:2)
  A goblin (D:1)
  6 hobgoblins (D:1)
  A bat (D:1)
  3 frilled lizards (D:1)
  5 kobolds (D:1)
  8 rats
  2 rat zombies (D:2)
34 creatures vanquished.

Notes
Turn   | Place    | Note
-------+----------+-------------------------------------------
     0 | D:1      | Descartes the Felid Warper began the quest for the Orb.
     0 | D:1      | Reached XP level 1. HP: 9/9 MP: 4/4
    92 | D:1      | Reached XP level 2. HP: 13/13 MP: 6/6
   353 | D:1      | Found a shattered altar of Ashenzari.
   533 | D:1      | Reached skill level 1 in Stealth
   791 | D:1      | Reached XP level 3. HP: 15/16 MP: 7/7
  1454 | D:2      | Learned a level 2 spell: Blink
  1457 | D:2      | Learned a level 2 spell: Shroud of Golubria
  1641 | D:2      | Found an ancient bone altar of Kikubaaqudgha.
  1824 | D:2      | Found a runed translucent door.
  1825 | D:2      | Noticed Crazy Yiuf
  2033 | D:3      | Noticed an ogre
  2051 | D:3      | Mangled by an ogre

Levels and vault maps discovered:
D:1:      matt_arrival_los_fun, layout_loops_ring, evilmike_ruin_ashenzari
D:2:      layout_basic, lemuel_zombie_altar_kikubaaqudgha,
          uniq_crazy_yiuf_cottage
D:3:      layout_loops_cross, lemuel_doored_altar

Skill      XL: |  1  2 |
---------------+-------+-----
Stealth        | 1 |  1.4
Fighting       | |  2.3
Dodging        | |  3.7
Unarmed Combat | |  2.7
Spellcasting   | |  2.3
Charms         | |  0.2
Translocations | |  4.4

Action                   || total
-------------------------++-------
Melee: Unarmed           ||   124
       Punch             ||     3
       Bite              ||    11
 Cast: Shroud of Golubri ||     1
 Stab: Sleeping          ||     8
  Eat: Chunk             ||     9
Armor: Skin              ||     5
Dodge: Dodged            ||    82
